[Event "EICC 2025"]
[Site "Eforie-Nord"]
[Date "2025.03.15"]
[Round "1.33"]
[White "Nastore, Pavel-Alexandru"]
[Black "Tari, Aryan"]
[Result "0-1"]
[Annotator "TA"]
[ECO "B32"]
[WhiteElo "2295"]
[BlackElo "2621"]
[PlyCount "66"]
[EventDate "2025.03.14"]
[EventType "swiss"]
[EventCountry "ROU"]
[SourceTitle "playchess.com"]
[Source "ChessBase"]
[SourceQuality "1"]
[TimeControl "40/5400+30:1800+30"]

1. e4 c5 2. Nf3 Nc6 3. d4 cxd4 4. Nxd4 e5 5. Nb5 d6 6. N1c3 a6 7. Na3 Be6 $1 {[%emt 0:00:13][%mdl 4] now scores much better than the old 7...b5.} 8. Nc4 Rb8 {[%emt 0:00:48] B32: Sicilian: Löwenthal and Kalashnikov Variations.} 9. Nd5 Bxd5 10. exd5 Nce7 {[%emt 0:00:04] White has an edge.} 11. a4 Nf6 12. g4 h6 13. h4 Rc8 14. c3 $146 (14. Ne3 Ng6 15. c4 Nf4 16. a5 Be7 17. Bd3 Nd7 18. Bb1 Kf8 19. h5 Bg5 20. b4 {0-1 Brunello,M (2343)-Sebenik,M (2531) AUT-chT 2324 2023 (5.5)}) 14... Nfxd5 15. a5 {[%emt 0:17:18] White sacrificed a pawn} g6 16. Qa4+ Rc6 17. Bg2 Bg7 18. Ne3 {[%emt 0:03:29] [#]} (18. h5 $11) 18... Nf4 $1 $15 19. Bxc6+ bxc6 (19... Nxc6 $17 20. Qd1 d5 (20... Nxa5 21. Nd5 $14)) 20. Nc4 (20. Qd1 $11 {remains equal.}) 20... Nd3+ $17 {[%emt 0:00:44][%mdl 1024] Black has strong compensation.} 21. Ke2 e4 {[%emt 0:00:46][%csl Od3] Strong Square Black (d3). Black has a king side majority} 22. Qa3 $2 (22. Nb6 $17 d5 23. Rd1) 22... Nc8 {[%emt 0:02:01] A dynamic duo of knights.} (22... d5 $142 23. Nb6 f5) 23. Be3 Qf6 24. Nd2 Qe6 {[%emt 0:05:45] Black is more active.} 25. f3 {[%emt 0:00:09] [#]} (25. Rhg1 $17) 25... Ne5 $1 $19 26. Qa4 {[%emt 0:01:25] [#]} (26. Raf1 $142) 26... d5 (26... exf3+ $1 $19 {and Black stays clearly on top.} 27. Nxf3 Nxg4) 27. Rae1 O-O 28. Bd4 $2 (28. Kd1 $17) 28... exf3+ 29. Kd1 {[%emt 0:00:34] and Bxe5 would now be decisive} Qxg4 30. Reg1 Qf4 {[%emt 0:00:08] ...c5 would now be deadly.} 31. Qc2 Ng4 32. Kc1 $2 (32. Qd3 Bxd4 33. Qxd4 Ne3+ (33... Qxd4 $2 34. cxd4 Nf2+ 35. Kc2 $19) 34. Kc1 Qxd4 35. cxd4) 32... Bxd4 33. cxd4 f2 {[%emt 0:00:06] Weighted Error Value: White=0.81/Black=0.34  Loses game:     	White=2     	---        Mistake:       	White=5     	Black=3      Inaccurate:     	White=3     	Black=3      OK:         	White=8     	Black=11     Best:        	White=1     	Black=3      Strong:       	---       	Black=1} 0-1

[Event "EICC 2025"]
[Site "Eforie-Nord"]
[Date "2025.03.15"]
[Round "1.34"]
[White "Gurel, Ediz"]
[Black "Petrovic, Aleksa"]
[Result "1-0"]
[Annotator "TA"]
[ECO "C42"]
[WhiteElo "2620"]
[BlackElo "2294"]
[PlyCount "207"]
[EventDate "2025.03.14"]
[EventType "swiss"]
[EventCountry "ROU"]
[SourceTitle "playchess.com"]
[Source "ChessBase"]
[SourceQuality "1"]
[TimeControl "40/5400+30:1800+30"]

1. e4 e5 2. Nf3 Nf6 3. Nxe5 Nxe4 4. Qe2 Qe7 5. Qxe4 d6 6. d4 dxe5 7. dxe5 Nc6 {[%emt 0:00:04][%cal Bb8c6,Bc6e5,Be5g4,Bg4f6,Bf6e8][%mdl 32] C42: Petroff Defence: 3 Nxe5 and unusual White 3rd moves.} 8. Nc3 Qxe5 9. Qxe5+ Nxe5 {[%emt 0:00:07] White is slightly better.} 10. Nb5 Bb4+ 11. Bd2 $1 Bxd2+ 12. Kxd2 Kd8 13. Re1 Ng4 $146 ({Predecessor:} 13... Ng6 14. g3 a6 15. Nc3 Bf5 16. Bd3 {½-½ Sethuraman,S (2586)-Bai,J (2551) Hong Kong op 2024 (8)}) 14. f3 Nf6 15. Bc4 Rf8 16. a4 Ne8 17. Kc1 {[%emt 0:04:43] White is much more active.} c6 18. Rd1+ $1 Bd7 {[%emt 0:01:02] [#]} 19. Rd2 $1 Kc8 (19... cxb5 $2 20. Bxb5 Nf6 21. Bxd7 $18 (21. Rhd1 Ke7 $18)) 20. Nc3 Nf6 21. Re2 Kc7 22. Re7 Rae8 23. Rxf7 Rxf7 24. Bxf7 Re7 25. Bc4 g5 26. Bd3 h5 27. Kd2 h4 28. Re1 Rxe1 29. Kxe1 $16 {[%emt 0:00:03][%mdl 4096] Endgame KBN-KBN. White is a pawn up.} Kd6 30. Kf2 Ke5 31. Be4 g4 32. Ke3 gxf3 33. gxf3 a5 34. Nd1 Nd5+ 35. Kd2 Nf6 36. Nf2 Nxe4+ 37. fxe4 $14 {[%emt 0:00:41] KB-KN. White is a pawn up.} c5 38. Nd3+ Kd6 $1 39. b3 c4 $1 40. Nb2 cxb3 41. cxb3 Kc5 42. Kc3 b5 43. axb5 Bxb5 44. Na4+ (44. Nd3+ $16 Kc6 45. Kd4) 44... Kd6 (44... Kc6 $14) 45. Kd4 $16 Be8 46. Nb6 Ke6 47. Nc4 a4 48. b4 Bc6 49. Na3 Bd7 50. b5 Bc8 51. Nc4 Bb7 (51... Bd7 $16 {is a better defense.}) 52. e5 (52. Na5 $1 $18 Ba8 53. b6) 52... h3 53. b6 Bh1 54. Kc3 Bg2 55. Kb4 Bc6 56. Kc5 Bd5 (56... Bb7 $16 57. Kb4 Bc6) 57. Kd4 $2 (57. Kb5 $1 $18 ) 57... Bg2 $2 ({Better is} 57... Bh1 $1 $11) 58. Na3 (58. Kc3 $1 $16) 58... Bh1 $11 59. Nb5 Bc6 $2 (59... Bg2 $11) 60. Kc5 $2 (60. Nc7+ $1 $18 Kd7 61. Kc3) 60... Bb7 $1 61. Kd4 $2 (61. Kb4 $11) 61... Bc6 $18 62. Nc7+ $1 Kd7 63. Kc5 (63. Na6 $1 $16 {[%cal Ra6b8] Threatens to win with Nb8+.} a3 64. Nc5+ (64. Nb8+ Ke6 $15) 64... Ke7 65. Kc3) 63... Bb7 $11 64. e6+ Ke7 65. Kb4 Bc6 $1 66. Ka3 Kd6 67. Kb4 Ke7 $1 68. Kc5 Bb7 69. Kc4 (69. Kb4 Bc6 $16) 69... Bc6 70. Kb4 Kd6 71. Nb5+ Kxe6 72. Kxa4 Ke5 $1 73. Kb4 {[%emt 0:00:08] next Nc3 is good for White.} Kf4 $2 (73... Ba8 $1 $11) 74. Kc5 $2 (74. Ka5 $18) 74... Ba8 75. Nc7 Bb7 $1 76. Ne6+ Kf3 $1 {[%emt 0:00:12] [#]} 77. Kd4 ({White should try} 77. Kd6 $1 $16 ) 77... Kg2 78. Ke3 Kxh2 {[%emt 0:00:19] Strongly threatening ...Kg3.} 79. Kf2 Ba8 80. Nd4 Bb7 81. Nf5 Ba8 82. Ne3 Bb7 83. Ng4+ Kh1 84. Ne5 Kh2 85. Nd3 Ba8 86. Nc1 Bb7 87. Ne2 Ba8 88. Nf4 Bb7 89. Ng6 Ba8 90. Ne5 Bb7 91. Ng4+ Kh1 92. Ne3 Kh2 93. Ng4+ Kh1 94. Kg3 Kg1 {[%emt 0:00:41] Dodges Nf2} 95. Kxh3 (95. Nf2 $5) 95... Kf1 96. Kg3 Ke2 97. Kf4 Kd2 {[%emt 0:00:35] [#]} (97... Ba8 $11 {remains equal.}) 98. Ke5 $1 $16 Ke1 99. Kd6 Kd2 100. Ne5 Ke1 101. Nc6 Kf1 $2 (101... Kd2 $16) 102. Kc7 $18 {[%emt 0:00:13] White is clearly winning.} Ba8 103. Nd8 {[%emt 0:00:42] Intending Nb7 and mate.} Kg1 104. Nb7 {[%emt 0:00:07] Weighted Error Value: White=0.25 (precise) /Black=0.19 (very precise)   Loses game:     	---       	Black=3      Missed win:     	White=3     	---        Mistake:       	White=6     	Black=5      Inaccurate:     	White=4     	Black=4      OK:         	White=34    	Black=44     Best:        	White=5     	Black=3      Strong:       	White=4     	Black=8} 1-0

[Event "EICC 2025"]
[Site "Eforie-Nord"]
[Date "2025.03.15"]
[Round "1.34"]
[White "Lorenz, Roger"]
[Black "Blohberger, Felix"]
[Result "0-1"]
[Annotator "ChessBase"]
[ECO "E40"]
[WhiteElo "2188"]
[BlackElo "2534"]
[PlyCount "54"]
[EventDate "2025.03.14"]
[EventType "swiss"]
[EventCountry "ROU"]
[SourceTitle "playchess.com"]
[Source "ChessBase"]
[SourceQuality "1"]
[TimeControl "40/5400+30:1800+30"]

1. d4 e6 2. c4 Nf6 3. Nc3 Bb4 4. e3 O-O 5. Bd3 Re8 6. Nf3 Bxc3+ 7. bxc3 d6 8. O-O e5 9. dxe5 dxe5 10. Nxe5 Qe7 11. f4 Nbd7 12. Nxd7 Bxd7 13. e4 Rad8 14. Qc2 Nxe4 15. Re1 Bc6 16. Be3 Qf6 17. Rac1 h5 18. c5 h4 19. Bc4 Re7 20. Rcd1 Rde8 21. Bd4 Qxf4 22. Rf1 Qg5 23. Qc1 Qxc1 24. Rxc1 Nd2 25. Bb3 Nxf1 26. Rxf1 Bb5 27. Rf4 Re1+ 0-1

[Event "EICC 2025"]
[Site "Eforie-Nord"]
[Date "2025.03.15"]
[Round "1.35"]
[White "Amar, Elham"]
[Black "Arsenie, Cristian Marc"]
[Result "1-0"]
[Annotator "ChessBase"]
[ECO "B90"]
[WhiteElo "2533"]
[BlackElo "2185"]
[PlyCount "85"]
[EventDate "2025.03.14"]
[EventType "swiss"]
[EventCountry "ROU"]
[SourceTitle "playchess.com"]
[Source "ChessBase"]
[SourceQuality "1"]
[TimeControl "40/5400+30:1800+30"]

1. e4 c5 2. Nf3 d6 3. d4 cxd4 4. Nxd4 Nf6 5. Nc3 a6 6. Be3 e5 7. Nb3 Be7 8. f3 Be6 9. Qd2 h5 10. Nd5 Nxd5 11. exd5 Bf5 12. Be2 a5 13. a4 O-O 14. O-O Nd7 15. Bb5 Nf6 16. Nc1 h4 17. Ne2 Nh5 18. c4 Bd7 19. b4 Bxb5 20. cxb5 axb4 21. Qxb4 Bg5 22. Bf2 Qf6 23. Qg4 g6 24. a5 Qe7 25. a6 f5 26. Qb4 e4 27. fxe4 fxe4 28. Bd4 e3 29. Rxf8+ Qxf8 30. Rf1 Qe7 31. a7 h3 32. Qb1 Kh7 33. Rf3 hxg2 34. b6 Rf8 35. Rxf8 Qxf8 36. Qe1 Qc8 37. Ba1 Qf8 38. Kxg2 Qc8 39. h3 Qe8 40. Qc3 Qe4+ 41. Kg1 Nf6 42. a8=Q Qh4 43. Qc7+ 1-0

[Event "EICC 2025"]
[Site "Eforie-Nord"]
[Date "2025.03.15"]
[Round "1.35"]
[White "Veress, Armand"]
[Black "Lagarde, Maxime"]
[Result "0-1"]
[Annotator "TA"]
[ECO "B67"]
[WhiteElo "2292"]
[BlackElo "2615"]
[PlyCount "100"]
[EventDate "2025.03.14"]
[EventType "swiss"]
[EventCountry "ROU"]
[SourceTitle "playchess.com"]
[Source "ChessBase"]
[SourceQuality "1"]
[TimeControl "40/5400+30:1800+30"]

1. e4 c5 2. Nf3 d6 3. d4 cxd4 4. Nxd4 Nf6 5. Nc3 Nc6 6. Bg5 e6 7. Qd2 a6 8. O-O-O Bd7 9. f3 Nxd4 10. Qxd4 Be7 {[%emt 0:00:05] B67: Sicilian: Richter-Rauzer: 7...a6 8 0-0-0 Bd7, lines without 9 f4 Be7.} 11. g4 h5 12. gxh5 Nxh5 {[%emt 0:00:06] The position is equal.} 13. Bxe7 Qxe7 14. Rg1 (14. Qxd6 $2 Qxd6 15. Rxd6 Ng3 $19) 14... Bc6 15. Bc4 b5 $146 {[%emt 0:18:45] [#]} (15... O-O-O $11) (15... O-O-O 16. Qa7 Qc7 17. Rg5 d5 18. exd5 Qf4+ 19. Kb1 Qxg5 20. dxc6 Rxd1+ 21. Nxd1 Qd2 22. cxb7+ Kd7 23. b8=Q+ Kc6 24. Qac7# {1-0 Isaakidis,A (2209)-Kourouyiannis,F (1762) CYP-ch op Nikosia 2021 (5)}) 16. Bd5 Bxd5 $1 $15 (16... exd5 17. exd5 Qc7 (17... Bd7 $2 18. Rge1 $18) 18. dxc6 Qxc6 19. Ne4 $18 (19. Qxd6 Qxd6 20. Rxd6 Kf8 $16)) 17. exd5 e5 18. Qb6 Qd8 19. Qc6+ Kf8 (19... Ke7 {keeps more tension.} 20. Ne4 g6 21. Rge1 Qb8) 20. Ne4 Rh6 21. Kb1 b4 22. Rg5 (22. Rd2 $11) 22... a5 $17 23. Rf5 {[%emt 0:04:28] Qb7 would now be deadly.} Rc8 24. Qb7 Qc7 25. Qxc7 Rxc7 26. Nxd6 Rxd6 (26... Nf4 $17 27. Nb5 Rc5) 27. Rxh5 {[%emt 0:00:06][%mdl 4096] Endgame KRR-KRR. White is a pawn up.} f6 28. a3 (28. Rh4 {simplifies} Rcd7 29. c4 bxc3 30. bxc3 Rxd5 31. Rxd5 Rxd5 32. Kc2) 28... bxa3 $1 29. b3 {[%emt 0:00:39] [#]} a4 30. b4 $11 a2+ 31. Kxa2 Rxc2+ 32. Ka3 Rc3+ 33. Kxa4 Rxf3 34. Rh8+ Ke7 35. Rg8 f5 36. Rxg7+ Kf6 37. Rg3 Rf2 38. Kb5 e4 39. Kc5 $2 (39. Rg8 $11) 39... Ke5 $19 40. Rc3 {[%emt 0:00:26][%mdl 8192] Wards off Rc2. Now White is beyond hope.} (40. b5 $17) 40... Rxh2 41. b5 Rh8 42. Rb3 (42. Kb4 $142 f4 (42... Rxd5 $2 43. Rxd5+ Kxd5 44. Rc5+ Ke6 45. Kc4 $19) 43. Rc7 Rxd5 44. Re1 (44. Rxd5+ $2 Kxd5 45. Rc5+ Kd4 $19)) 42... Rc8+ 43. Kb4 f4 (43... Rxd5 $2 44. Rh1 $19 (44. Rxd5+ $2 Kxd5 45. b6 Kd4 $19)) 44. Rh3 e3 (44... Rxd5 $2 45. Rh5+ Ke6 46. Rdxd5 $18 (46. Rhxd5 f3 $18)) 45. Rh7 Re8 {[%emt 0:04:26] Wards off Re7+} (45... Rxd5 46. Rh5+ Ke4 47. Rdxd5 $18 (47. Rhxd5 e2 $11)) 46. Rh5+ (46. Kc5 $142 e2 (46... Rc8+ 47. Kb4 $17) 47. Rh5+ Kf6 (47... Ke4 48. Re1 $11) 48. Re1) 46... Ke4 {[%emt 0:00:06] Strongly threatening ...e2.} 47. Kc5 Rf6 (47... e2 48. Re1 $11) 48. d6 Rc8+ 49. Kb6 e2 50. Rdd5 Re8 {[%emt 0:01:16] Weighted Error Value: White=0.72/Black=0.17 (very precise)   Loses game:     	White=2     	---        Mistake:       	White=4     	Black=3      Inaccurate:     	White=3     	Black=1      OK:         	White=14    	Black=15     Best:        	White=6     	Black=5      Strong:       	---       	Black=2} (50... e1=B $2 {perishes.} 51. Rhe5+ Kf3 52. Rxe1 $18) ({Inferior is} 50... Rxd6+ 51. Rxd6 Re8 52. Rh1 $11) 0-1

[Event "EICC 2025"]
[Site "Eforie-Nord"]
[Date "2025.03.15"]
[Round "1.36"]
[White "Pichot, Alan"]
[Black "Nedelcu, Teodor-Cosmin"]
[Result "1/2-1/2"]
[Annotator "TA"]
[ECO "B40"]
[WhiteElo "2613"]
[BlackElo "2291"]
[PlyCount "113"]
[EventDate "2025.03.14"]
[EventType "swiss"]
[EventCountry "ROU"]
[SourceTitle "playchess.com"]
[Source "ChessBase"]
[SourceQuality "1"]
[TimeControl "40/5400+30:1800+30"]

1. e4 c5 2. Nf3 e6 3. Nc3 Nc6 4. h3 h6 $146 (4... a6 5. g3 b5 6. Bg2 Bb7 7. O-O b4 8. Na4 Nf6 9. Re1 Be7 10. d4 cxd4 11. Nxd4 Nxd4 12. Qxd4 {1-0 Praggnanandhaa,R (2737)-Erigaisi,A (2799) Tata Steel India Blitz 2024 (18)}) 5. Bb5 d5 6. exd5 {[%emt 0:10:02] B40: Sicilian: 2...e6, Unusual lines.} exd5 7. O-O Be6 8. Ne5 {[%emt 0:05:08] White is slightly better.} Nge7 9. Re1 g6 (9... g5 $14) 10. d4 Bg7 11. dxc5 O-O 12. Bxc6 bxc6 13. Na4 Qb8 14. Nf3 d4 15. Nxd4 Rd8 16. c3 Nf5 17. Be3 Nxe3 18. Rxe3 (18. fxe3 {with more complications.} Qg3 19. b3 Bxh3 20. Qf3) 18... Bc4 (18... Bxd4 $16 19. cxd4 Qf4) 19. Qf3 Bxd4 20. cxd4 Rxd4 21. b3 (21. Qxc6 $2 Bb5 22. Qf3 (22. Qf6 $2 Rxa4 23. Re7 Rf4 $19) 22... Rxa4 $19 (22... Bxa4 23. b3 $15)) 21... Bd5 22. Qf6 Rf4 23. Qe5 (23. Qe7 $18 {has better winning chances.}) 23... Qb4 (23... Qxe5 $16 24. Rxe5 Rd4) 24. Rd1 Rf5 25. Qd4 Qa5 (25... Rf4 26. Qxb4 Rxb4) 26. Nc3 Qd8 27. g4 Qg5 28. Rde1 {[%emt 0:00:06] Threatening mate with Re8+. Active counter play!} Kh7 29. Re8 {[%emt 0:03:29] Prevents Bf3.} (29. Re4 $18 {[%cal Oh3h4] Black must now prevent h4!.} Rg8 (29... Bxe4 $2 30. Nxe4 Qd8 31. Qxd8 $18) 30. R1e3 (30. Nxd5 Rxd5 31. Qc4 h5 $16)) 29... Rxe8 $16 30. Rxe8 Qc1+ 31. Qd1 {[%emt 0:04:20] The board is on fire.} Qxc3 32. Re3 Qf6 33. gxf5 Qxf5 {[%emt 0:00:03][%mdl 4096] Endgame KQR-KQB} 34. Kf1 h5 (34... Be6 $16) 35. Qd3 $18 Qf4 36. Ke2 Qb4 {[%emt 0:02:53] [#]} 37. Qc3 {[%emt 0:01:22] Dodges Qxc5} Qa3 38. Qc2 Qa6+ 39. Kd2 Qf1 40. Kc3 Qa1+ (40... Bg2 $16 {was called for.} 41. Qd2 Qa1+ 42. Kb4 Qf6) 41. Kb4 Be6 42. Ka3 Qf1 43. Qc3 {[%emt 0:00:00] Wards off Bxh3} (43. Qd2 $18) 43... Qxf2 $16 44. Rd3 Qf1 45. h4 Bd5 46. Rd4 Qe2 47. Ra4 Qe7 48. Qd4 (48. Rb4 $16) 48... f6 $1 $11 49. Rb4 g5 50. Qd3+ Kh6 51. Qd4 g4 {[%emt 0:00:44][%mdl 1024] Black has compensation.} 52. Rb8 (52. Qc3 $15) 52... Kg6 (52... Kg7 $17 53. Qf2 Qe5 54. Rb7+ Kg6) 53. Rh8 Qe5 54. Qd2 {[%emt 0:00:00] [#]} (54. Qd3+ $11 f5 55. Rd8) 54... Be6 (54... g3 $1 $17 {[%cal Rg3g2] Threatens to win with ...g2.} 55. Qh6+ Kf5 56. Qxh5+ Kf4) 55. Qh6+ {[%emt 0:04:10] The position is equal.} Kf5 56. Qxh5+ Kf4 57. Qh6+ {[%emt 0:00:36] Black escapes into a draw.   Weighted Error Value: White=0.20 (precise) /Black=0.21 (precise)   Mistake:       	White=6     	Black=8      Inaccurate:     	White=1     	Black=1      OK:         	White=17    	Black=18     Best:        	White=3     	Black=6      Strong:       	---       	Black=1} 1/2-1/2

[Event "EICC 2025"]
[Site "Eforie-Nord"]
[Date "2025.03.15"]
[Round "1.36"]
[White "Sapocinic, Semion"]
[Black "Paichadze, Luka"]
[Result "0-1"]
[Annotator "ChessBase"]
[ECO "A14"]
[WhiteElo "2182"]
[BlackElo "2532"]
[PlyCount "108"]
[EventDate "2025.03.14"]
[EventType "swiss"]
[EventCountry "ROU"]
[SourceTitle "playchess.com"]
[Source "ChessBase"]
[SourceQuality "1"]
[TimeControl "40/5400+30:1800+30"]

1. c4 e6 2. Nf3 Nf6 3. g3 d5 4. Bg2 Be7 5. O-O O-O 6. b3 d4 7. e3 c5 8. exd4 cxd4 9. d3 Nc6 10. Bg5 e5 11. Bxf6 Bxf6 12. Nbd2 g6 13. a3 a5 14. c5 Be6 15. Nc4 Bxc4 16. bxc4 Be7 17. Qb3 Qc7 18. Qb5 a4 19. Rfb1 Rfb8 20. Nd2 Ra5 21. Qb6 Qxb6 22. cxb6 Kg7 23. Bd5 f5 24. Re1 Bd6 25. Bxc6 bxc6 26. c5 Rxc5 27. Nc4 Rd5 28. f4 Bc5 29. Rab1 e4 30. Kf1 e3 31. Rb2 Rb7 32. Reb1 Be7 33. Ke2 Kf6 34. Kf3 Ke6 35. Ke2 Bf8 36. Kf3 Be7 37. Ke2 Kf6 38. Kf3 g5 39. Rc2 Rb5 40. fxg5+ Kxg5 41. Rcb2 Rd5 42. Rc2 Kf6 43. Kf4 Rb5 44. Rbb2 Ke6 45. h3 Bc5 46. g4 fxg4 47. hxg4 Bxb6 48. Ke4 Bc5 49. Ra2 Rg7 50. Rh2 Rxg4+ 51. Kf3 Rg6 52. Rxh7 Bd6 53. Rh4 Rf5+ 54. Ke4 Bg3 0-1

[Event "EICC 2025"]
[Site "Eforie-Nord"]
[Date "2025.03.15"]
[Round "1.37"]
[White "Bernadskiy, Vitaliy"]
[Black "Maximov, Oleg"]
[Result "1-0"]
[Annotator "ChessBase"]
[ECO "B08"]
[WhiteElo "2529"]
[BlackElo "2180"]
[PlyCount "82"]
[EventDate "2025.03.14"]
[EventType "swiss"]
[EventCountry "ROU"]
[SourceTitle "playchess.com"]
[Source "ChessBase"]
[SourceQuality "1"]
[TimeControl "40/5400+30:1800+30"]

1. d4 Nf6 2. Nf3 d6 3. Nc3 g6 4. e4 Bg7 5. Be3 O-O 6. h3 c6 7. a4 a5 8. Be2 Na6 9. O-O Nb4 10. Nd2 d5 11. e5 Nd7 12. f4 c5 13. Nb5 cxd4 14. Nxd4 Nc5 15. c3 Nba6 16. N4b3 b6 17. Nd4 Bb7 18. h4 Ne4 19. Nxe4 dxe4 20. h5 e6 21. hxg6 hxg6 22. Nb5 Nc5 23. Nd6 Bd5 24. Bxc5 bxc5 25. Bc4 Bxc4 26. Nxc4 Qh4 27. Qe1 Qg4 28. Qxe4 Rfd8 29. Rae1 Bh6 30. Rf3 Kg7 31. Ref1 Rab8 32. Ne3 Qh4 33. Rh3 Qe7 34. Ng4 Rh8 35. Qe2 Qb7 36. Qe3 Qe7 37. Rff3 Rxb2 38. Nxh6 Qb7 39. f5 Qd5 40. fxg6 Rb1+ 41. Kh2 Rb7 1-0

[Event "EICC 2025"]
[Site "Eforie-Nord"]
[Date "2025.03.15"]
[Round "1.37"]
[White "Uritsky, Yonathan"]
[Black "Abasov, Nijat"]
[Result "0-1"]
[Annotator "TA"]
[ECO "A30"]
[WhiteElo "2285"]
[BlackElo "2612"]
[PlyCount "66"]
[EventDate "2025.03.14"]
[EventType "swiss"]
[EventCountry "ROU"]
[SourceTitle "playchess.com"]
[Source "ChessBase"]
[SourceQuality "1"]
[TimeControl "40/5400+30:1800+30"]

1. Nf3 Nf6 2. b3 g6 3. Bb2 Bg7 4. e3 c5 5. c4 O-O 6. Be2 d5 7. d4 {[%emt 0:05:18] A30: Symmetrical English: Double Fianchetto and Hedgehog.} cxd4 8. Nxd4 dxc4 9. Bxc4 {[%emt 0:03:52] Black has an edge.} e5 10. Nf3 Qxd1+ 11. Kxd1 Nc6 12. Nbd2 $146 {[%emt 0:04:02][%cal Od1e2] Prevents Ne4.} (12. Ke2 e4 13. Nd4 Ne5 14. h3 a6 15. a4 b6 16. Nd2 Bb7 17. Rhd1 Nfd7 18. Ba3 {½-½ Bravo Gonzalez,R (2023)-Ramirez,J ESP-VEN email 2013 [11]}) 12... e4 13. Ng5 (13. Nd4 $11 {keeps the balance.}) 13... h6 $17 {[%emt 0:02:13] White is now going downhill.} 14. Nxf7 Rxf7 15. Rc1 Bg4+ 16. Ke1 {[%emt 0:03:08][%cal Oh2h3] [#]} Re8 $1 {[%emt 0:02:11] ...Be6 would now be deadly.} 17. Bxf7+ Kxf7 18. Nc4 ({White should try} 18. h3 Bd7 19. Ba3) 18... Bf8 $36 {[%emt 0:03:40][%mdl 2048] Black is really pushing.} 19. h3 Be6 20. Ke2 Nd7 21. Bd4 a5 22. a4 (22. Rhd1 $17) 22... Nxd4+ $19 23. exd4 Bb4 24. Nd2 Bd5 25. Rb1 (25. Rc7 $142 Ke6 26. Rhc1) 25... Nb6 26. Rhc1 Bc6 {[%emt 0:01:11] Black has a decisive advantage. A strong pair of Bishops.} 27. Nc4 Nxc4 28. Rxc4 Ke6 29. Ke3 Kd6 30. Rbc1 Re7 31. R4c2 Bd5 32. Rb1 Kd7 {[%emt 0:00:08] Repels Rc8} 33. h4 Rf7 {[%emt 0:01:17] Weighted Error Value: White=0.18 (very precise) /Black=0.02 (flawless)   Mistake:       	White=4     	---        OK:         	White=9     	Black=20     Best:        	White=1     	Black=2} 0-1

[Event "EICC 2025"]
[Site "Eforie-Nord"]
[Date "2025.03.15"]
[Round "1.38"]
[White "Erdogmus, Yagiz Kaan"]
[Black "Coicev, Matei-Andrei"]
[Result "1-0"]
[Annotator "TA"]
[ECO "B40"]
[WhiteElo "2605"]
[BlackElo "2283"]
[PlyCount "87"]
[EventDate "2025.03.14"]
[EventType "swiss"]
[EventCountry "ROU"]
[SourceTitle "playchess.com"]
[Source "ChessBase"]
[SourceQuality "1"]
[TimeControl "40/5400+30:1800+30"]

1. e4 c5 2. Nf3 e6 3. c3 d5 4. e5 d4 5. d3 Nc6 6. g3 {[%emt 0:00:28] B40: Sicilian: 2...e6, Unusual lines.} Nge7 7. Bg2 Qc7 8. O-O {[%emt 0:16:51] The position is equal.} Ng6 (8... Nd5 $11) 9. Re1 $14 Be7 10. h4 $146 ({Predecessor:} 10. Na3 a6 11. h4 h6 12. cxd4 cxd4 13. h5 Ngxe5 14. Nxe5 Nxe5 15. Bf4 Bd6 16. Rc1 {1-0 Bacrot,E (2684)-Tologontegin,S (2347) Titled Tuesday intern op 21st May Late blitz 2024 (4)}) 10... h6 11. Na3 dxc3 12. bxc3 a6 ({Black should try} 12... O-O) 13. Qe2 (13. Nc4 $1 $16) 13... Bd7 (13... b5 $11 {remains equal.}) 14. h5 $16 Nf8 15. Nc4 $1 Nh7 16. Bf4 O-O 17. Qe3 Qd8 18. Rab1 b5 {[%emt 0:02:00] White has space advantage and is better} 19. Nd6 Bxd6 20. exd6 {[%emt 0:00:30][%csl Od6] White has a strong passed pawn} Nf6 21. Qxc5 Rc8 22. Qa3 Nxh5 23. Be3 {[%emt 0:00:00][%cal Bf4e3,Be3b6,Bb6c7][%mdl 32] Black is weak on the dark squares} (23. Qxa6 Nxf4 24. gxf4 Qf6) 23... Nf6 24. c4 {[%emt 0:00:00] Wards off Nd5} bxc4 {[%emt 0:00:00][%csl Oa6,Oc4] Black has weak pawns} 25. Bb6 (25. Qxa6 $6 c3 $11) (25. dxc4 e5 26. c5 (26. Qxa6 Ra8 $18) 26... Ng4 $14) 25... Qe8 26. dxc4 (26. Qxa6 $6 Nd5 $11) 26... a5 27. Qc3 Rb8 28. Nd4 $36 {[%emt 0:00:00][%mdl 2048] Black is under strong pressure.} Qc8 29. Bc7 {[%emt 0:00:00] A strong pair of Bishops.} (29. Bxa5 Rxb1 30. Rxb1 Nxa5 31. Qxa5 Qxc4 $11) 29... Rxb1 30. Rxb1 Qe8 31. Nb3 {[%emt 0:02:56] White is much more active.} e5 32. Nxa5 Nd4 {[%emt 0:01:51] [#]} (32... Nxa5 $16 33. Rb8 (33. Bxa5 Qe6 $16) (33. Qxa5 Qe6 $16) 33... Qxb8 34. Bxb8 Rxb8) 33. Re1 $1 $18 Qe6 {[%emt 0:00:30] [#]} 34. Nb3 $1 (34. c5 Qxa2 35. Nc4 (35. Rxe5 Ng4 $15) 35... Ng4 $11) 34... Ne8 35. Nc5 (35. Nxd4 exd4 36. Qb4 Qf5 $18) 35... Qf5 36. Bd8 Nf6 ({But not} 36... Nxd6 37. Be7 Nxc4 38. Bxf8 $18 (38. Qxc4 Bb5 $18)) 37. Bxf6 gxf6 38. Nb3 Ne6 39. c5 Ng5 (39... Rc8 {was necessary.} 40. c6 Bxc6 41. Bxc6 Ng5) 40. c6 {[%emt 0:00:00] White is clearly winning.} Be6 41. Nc5 Bxa2 42. d7 {[%emt 0:00:34] Black must now prevent c7.} Ne6 43. Nxe6 Bxe6 44. Rd1 {[%emt 0:00:06] Weighted Error Value: White=0.10 (very precise) /Black=0.45  Mistake:       	White=1     	Black=5      Inaccurate:     	---       	Black=2      OK:         	White=19    	Black=11     Best:        	White=1     	Black=3      Strong:       	White=3     	---} 1-0